 Dungeon Crawl Stone Soup version 0.27-a0-1324-ge0d8e047f6 (webtiles) character file.

Game seed: 10401909695157481366

1003 Froggeryz the Slicer (level 8, -1/78 HPs)
             Began as an Octopode Berserker on June 23, 2021.
             Was a Priest of Trog.
             Succumbed to a killer bee's poison
             ... on level 5 of the Dungeon.
             The game lasted 00:03:23 (4223 turns).

Froggeryz the Slicer (Octopode Berserker)           Turns: 4223, Time: 00:03:24

Health: -1/78      AC:  1    Str: 16    XL:     8   Next: 20%
Magic:  8/8        EV: 15    Int: 10    God:    Trog [***...]
Gold:   101        SH:  0    Dex: 13    Spells: 7/7 levels left

rFire    . . .     SeeInvis .   s - +2 dagger (venom)
rCold    . . .     Faith    .   (no shield)
rNeg     + . .     Spirit   .   (helmet restricted)
rPois    .         Reflect  .   i - amulet of regeneration
rElec    .         Harm     .   f - ring of positive energy
rCorr    .         Rampage  .   (no ring)
Will     .....                  (no ring)
Stlth    ..........             (no ring)
HPRegen  1.23/turn              (no ring)
MPRegen  0.11/turn              (no ring)
                                (no ring)
                                (no ring)

@: berserking, lethally poisoned (-1 -> -8), very quick
A: almost no armour, amphibious, 8 rings, camouflage 1, gelatinous body 1,
(nimble swimmer 1), tentacles
a: Renounce Religion, Berserk, Trog's Hand


You were on level 5 of the Dungeon.
You worshipped Trog.
Trog was most pleased with you.
You visited 1 branch of the dungeon, and saw 5 of its levels.

You collected 101 gold pieces.

Inventory:

Hand Weapons
 a - a +0 short sword
 n - a +2 dagger of draining
 s - a +2 dagger of venom (weapon)
Missiles
 m - 18 poisoned darts
 o - 2 throwing nets
 r - 7 atropa-tipped darts
Jewellery
 f - a ring of positive energy (left tentacle)
 i - an amulet of regeneration (around mantle)
 u - a +6 ring of strength
Scrolls
 b - a scroll of fear {unknown}
 c - 2 scrolls of identify {unknown}
 d - a scroll of magic mapping {unknown}
 g - 2 scrolls of enchant weapon {unknown}
 j - a scroll of amnesia {unknown}
 q - a scroll of vulnerability {unknown}
 t - a scroll of noise {unknown}
 v - a scroll of enchant armour {unknown}
Potions
 e - a potion of curing {unknown}
 h - a potion of invisibility {unknown}
 k - a potion of haste {unknown}
 l - 2 potions of degeneration {unknown}
 p - a potion of attraction {unknown}


   Skills:
 - Level 3.0 Fighting
 * Level 8.2 Short Blades
 + Level 5.2 Dodging
 - Level 4.0 Stealth


You had 7 spell levels left.
You didn't know any spells.
Your spell library was empty.

Dungeon Overview and Level Annotations

Branches:
Dungeon (5/15)
 Temple: D:4-7

Altars:


Innate Abilities, Weirdness & Mutations

You cannot wear most types of armour.
You are amphibious.
You can wear up to eight rings at the same time.
Your skin changes colour to match your surroundings (Stealth+).
Your rubbery body absorbs attacks. (AC +1, EV +1)
((You are camouflaged near water. (Stealth+)))
You have tentacles for arms and can constrict up to eight enemies at once.


Message History

You are lethally poisoned!
The killer bee poisons you!
Your Dodging skill increases to level 5!
You miss the killer bee. Your grab misses the killer bee.
Your squeeze misses the killer bee.
* * * LOW HITPOINT WARNING * * *
You feel very sick. The killer bee closely misses you.
You hit the killer bee.
The killer bee is poisoned.
Your grab misses the killer bee.
The killer bee is moderately wounded.
* * * LOW HITPOINT WARNING * * *
You feel very sick. The killer bee closely misses you.
The ogre closely misses you.
You puncture the ogre!
The ogre is poisoned.
The ogre is heavily wounded.
* * * LOW HITPOINT WARNING * * *
You feel very sick. The killer bee barely misses you.
You puncture the ogre!
You kill the ogre!
Trog accepts your kill.
* * * LOW HITPOINT WARNING * * *
You feel sick.
Your Short Blades skill increases to level 8!
You puncture the killer bee!
You feel the power of Trog in you as your rage grows.
You kill the killer bee!
Trog accepts your kill.
* * * LOW HITPOINT WARNING * * *
You feel sick.
* * * LOW HITPOINT WARNING * * *
You feel very sick.
You see here a +0 mace.
You feel a strong urge to attack something.
* * * LOW HITPOINT WARNING * * *
You feel sick.
Unknown command.
You are too berserk!
You die...

.... .#.......###
..#. .... ..##.#
#.......... ###+
...... .. #. #.
#.#.#......
#..#.##.#.....#..
#..#.#... #..... ..
#......###.#.##...#
#........#..$......
#........#.@#
###.......†)..#
#......)...)..#
#....)....#####
##..)<....##
#..#......#
#..#.....[#
##.#......#
#.#.#.....#


There were no monsters in sight!

Vanquished Creatures
  Menkaure (D:4)
  A necrophage (D:5)
  An ogre (D:5)
  A bullfrog (D:4)
  A wyvern skeleton (D:3)
  4 killer bees
  A centaur zombie (D:5)
  A bullfrog skeleton (D:5)
  A jelly (D:5)
  4 orc priests
  An iguana (D:4)
  A hound zombie (D:5)
  A howler monkey zombie (D:3)
  A howler monkey skeleton (D:5)
  7 adders
  2 adder skeletons
  An adder zombie (D:5)
  A worm (D:2)
  3 dart slugs
  7 orcs
  3 endoplasms
  2 giant cockroaches (D:1)
  3 goblins
  11 hobgoblins
  11 kobolds
  A quokka (D:5)
  12 ball pythons
  3 bats (D:1)
  2 frilled lizards
  A quokka zombie (D:3)
  4 rats
94 creatures vanquished.

Notes
Turn   | Place    | Note
-------+----------+-------------------------------------------
     0 | D:1      | Froggeryz the Octopode Berserker began the quest for the
                  | Orb.
     0 | D:1      | Reached XP level 1. HP: 16/16 MP: 1/1
    48 | D:1      | Reached skill level 1 in Stealth
    86 | D:1      | Reached XP level 2. HP: 21/21 MP: 2/2
   540 | D:1      | Found a faded altar of an unknown god.
   714 | D:1      | Reached XP level 3. HP: 26/26 MP: 3/3
  1271 | D:2      | Reached ** piety under Trog
  1272 | D:2      | Reached skill level 4 in Short Blades
  1584 | D:2      | Reached XP level 4. HP: 19/31 MP: 4/4
  2355 | D:3      | Reached skill level 5 in Short Blades
  2355 | D:3      | Reached XP level 5. HP: 26/36 MP: 5/5
  3079 | D:4      | You fall into a shaft and drop 1 floor!
  3079 | D:5      | Entered Level 5 of the Dungeon
  3201 | D:5      | Reached XP level 6. HP: 22/42 MP: 6/6
  3235 | D:5      | Noticed a necrophage
  3250 | D:5      | Killed a necrophage
  3250 | D:5      | Reached *** piety under Trog
  3251 | D:5      | Reached skill level 6 in Short Blades
  3396 | D:4      | Reached XP level 7. HP: 32/46 MP: 7/7
  3458 | D:4      | Reached skill level 7 in Short Blades
  3510 | D:4      | Noticed Menkaure
  3519 | D:4      | Killed Menkaure
  4213 | D:5      | Reached XP level 8. HP: 31/52 MP: 8/8
  4216 | D:5      | Reached skill level 5 in Dodging
  4220 | D:5      | Reached skill level 8 in Short Blades
  4221 | D:5      | HP: 2/78 [poisoned by a killer bee]
  4223 | D:5      | Succumbed to a killer bee's poison

Illustrated notes

Levels and vault maps discovered:
D:1:      nicolae_arrival_memento_mori, layout_loops_corners,
          shapermc_ecumenical_altar_mp_urbaneastern
D:2:      layout_basic
D:3:      layout_basic, serial_undead, serial_undead_a, serial_undead_a,
          serial_undead_f, serial_undead_f
D:4:      layout_loops_corners, uniq_menkaure
D:5:      corexii_shantytown, layout_basic

Skill      XL: |  1  2  3  4  5  6  7  8 |
---------------+-------------------------+-----
Stealth        | 1 2 3 4 |  4.0
Short Blades   | 4 5 6 7 8 |  8.2
Dodging        | 4 5 |  5.2
Fighting       | |  3.0

Action                   |  1- 3 |  4- 6 |  7- 9 || total
-------------------------+-------+-------+-------++-------
Melee: Short sword       |    53 |    58 |       ||   111
       Constrict         |    13 |    19 |    14 ||    46
       Tentacles         |    11 |    21 |    10 ||    42
       Dagger            |       |    39 |    52 ||    91
Invok: Berserk           |       |     3 |     3 ||     6
 Stab: Sleeping          |    13 |     8 |     1 ||    22
Armor: Skin              |     3 |     4 |     1 ||     8
Dodge: Dodged            |    16 |    55 |    34 ||   105

Table legend: (Time is in decaauts)
 A = Elapsed time spent in this place.
 B = Non-inter-level travel time spent in this place.
 C = Inter-level travel time spent in this place.
 D = Time resting spent in this place.
 E = Time spent auto-exploring this place.
 F = Levels seen in this place.
 G = Mean time per level.
                   A        B        C        D        E       F      G
               +--------+--------+--------+--------+--------+-----+--------+
         Total |   4230 |   4136 |     94 |    317 |   3305 |   5 |  846.0 |
       Dungeon |   4230 |   4136 |     94 |    317 |   3305 |   5 |  846.0 |
               +--------+--------+--------+--------+--------+-----+--------+

Top non-repeatable levels by time:
     D:2: 1231 daAuts
     D:1: 1138 daAuts
     D:4: 953 daAuts
     D:3: 666 daAuts
     D:5: 240 daAuts
